 Seeded DCSS version 0.29.1-1-gd02db6906a (webtiles) character file.

Game seed: 13102143588985963117 (custom seed)

119 valliere the Slasher (level 4, -6/34 (35) HPs)
             Began as a Demonspawn Gladiator on Oct 10, 2022.
             Was an Initiate of Makhleb.
             Mangled by a wight
             ... wielding a +0 war axe
              (8 damage)
             ... on level 3 of the Dungeon.
             The game lasted 00:06:27 (2981 turns).

valliere the Slasher (Demonspawn Gladiator)         Turns: 2981, Time: 00:06:28

HP:   -6/34 (35)    AC:  4    Str: 20    XL:     4   Next: 73%
MP:   4/4           EV: 12    Int: 10    God:    Makhleb [......]
Gold: 203           SH:  3    Dex: 16    Spells: 3/3 levels left

rFire   . . .      SeeInvis .   a - +0 long sword
rCold   . . .      Faith    .   l - +0 buckler
rNeg    . . .      Spirit   .   b - +0 leather armour
rPois   .          Reflect  .   c - +0 helmet
rElec   .          Harm     .   (no cloak)
rCorr   .          Rampage  .   (no gloves)
Will    +....                   (no boots)
Stlth   +.........              (no amulet)
HPRegen 0.11/turn               g - +6 ring of strength
MPRegen 0.09/turn               k - ring of willpower

@: lightly drained
A: foul stench 1, weakness stinger 1
a: Renounce Religion


You were on level 3 of the Dungeon.
You worshipped Makhleb.
Makhleb was noncommittal.
You visited 1 branch of the dungeon, and saw 3 of its levels.

You collected 203 gold pieces.

Inventory:

Hand Weapons
 a - a +0 long sword (weapon)
Missiles
 d - 2 throwing nets (quivered)
 e - 6 javelins
Armour
 b - a +0 leather armour (worn)
 c - a +0 helmet (worn)
 l - a +0 buckler (worn)
Jewellery
 g - a +6 ring of strength (left hand)
 k - a ring of willpower (right hand)
Scrolls
 f - 2 scrolls of identify {unknown}
 i - 2 scrolls of teleportation {unknown}
 j - a scroll of blinking {unknown}
 m - a scroll of immolation {unknown}
 o - 2 scrolls of vulnerability {unknown}
Potions
 h - a potion of curing {unknown}
 n - 3 potions of flight {unknown}
 p - a potion of ambrosia {unknown}
 q - a potion of lignification {unknown}


   Skills:
 + Level 3.0 Fighting
 * Level 4.0 Long Blades
 - Level 1.7 Throwing
 + Level 3.4 Dodging
 + Level 0.0 Invocations


You had 3 spell levels left.
You didn't know any spells.
Your spell library contained the following spells:

 Spells                   Type           Power      Damage    Failure   Level
 Magic Dart               Conj           0%         1d3       52%         1
 Searing Ray              Conj           0%         2d4       67%         2
 Dazzling Flash           Conj/Hex       0%         N/A       88%         3
 Fulminant Prism          Conj/Hex       0%         3d6       99%         4
 Iskenderun's Mystic Bla  Conj/Tloc      0%         2d3       99%         4
 Starburst                Conj/Fire      0%         6d3       100%        6


Dungeon Overview and Level Annotations

Branches:
Dungeon (3/15)

Altars:
Ashenzari
Dithmenos
Gozag
Hepliaklqana
Makhleb
Nemelex Xobeh
Okawaru
Trog
Uskayaw

Shops:
D:1 *


Innate Abilities, Weirdness & Mutations

You may rarely emit foul miasma when damaged in melee.
You have a small tail.


Message History

There is a stone staircase leading down here.
You climb downwards.
There is a stone staircase leading up here.
Things that are here:
a +0 robe; a +0 dagger
Things that are here:
a +0 chain mail; a +0 flail; a +0 club
Things that are here:
a +0 leather armour; a +0 short sword
There is a stone staircase leading up here.
You hit the wight but do no damage.
You tail-slap the wight, but do no damage.
The wight hits you with a +2 morningstar of freezing.
The wight freezes you.
You slash the wight!
You tail-slap the wight, but do no damage.
The wight is heavily damaged.
The wight barely misses you.
You slash the wight!
The wight is almost destroyed.
The wight misses you. You block the wight's attack.
You hit the wight but do no damage.
The wight is almost destroyed.
The wight hits you with a +2 morningstar of freezing!
The wight freezes you.
You emit a cloud of foul miasma!
You barely miss the wight.
Your tail-slap misses the wight.
The wight is almost destroyed.
The wight barely misses you. x2
You barely miss the wight.
You tail-slap the wight, but do no damage.
The wight is almost destroyed.
The wight misses you. x2
You hit the wight but do no damage.
The wight is almost destroyed.
The wight hits you with a +2 morningstar of freezing!
* * * LOW HITPOINT WARNING * * *
The wight freezes you.
* * * LOW HITPOINT WARNING * * *
The wight misses you. The wight hits you with a +0 war axe!
You die...

...[. ...## . #.#..##### (..
#........# #....#####.##.#
#...z#####....## #
#..........#...####...#
#.....z##.##..$zzzz...
#.....z@#.##.######### #####
#.......[....#.. #...#
#####.###[....#.# #...#
#...#...([....#.# #...#
#...#####....##.#
#...###...###....####.#
#................# #.########
#................####........#
#..........[..<..............#


You could see 3 wights.

Vanquished Creatures
  An orc wizard (D:3)
  4 dart slugs
  7 orcs (D:3)
  2 ball pythons
  9 bats
  9 endoplasms
  6 giant cockroaches
  6 hobgoblins (D:2)
  5 kobolds
  2 quokkas
  5 frilled lizards
  11 goblins
  5 rats
72 creatures vanquished.

Notes
Turn   | Place    | Note
-------+----------+-------------------------------------------
     0 | D:1      | valliere the Demonspawn Gladiator began the quest for the
                  | Orb.
     0 | D:1      | Reached XP level 1. HP: 16/16 MP: 1/1
     2 | D:1      | Noticed a ghoul
     4 | D:1      | Noticed a formicid
     6 | D:1      | Noticed a merfolk
     6 | D:1      | Noticed an octopode
     8 | D:1      | Noticed a palentonga
     8 | D:1      | Noticed a demigod
    10 | D:1      | Noticed a draconian
    12 | D:1      | Noticed a gargoyle
    12 | D:1      | Noticed a naga
    14 | D:1      | Noticed a tengu
    14 | D:1      | Noticed a felid
    16 | D:1      | Noticed a troll
    16 | D:1      | Noticed a spriggan
    18 | D:1      | Noticed a meteoran
    18 | D:1      | Noticed a minotaur
    20 | D:1      | Noticed an ogre
    20 | D:1      | Noticed a vine stalker
    22 | D:1      | Noticed a human
    22 | D:1      | Noticed a demonspawn
    24 | D:1      | Noticed an elf
    24 | D:1      | Noticed an ogre
    26 | D:1      | Noticed a formicid
    26 | D:1      | Noticed an elf
   107 | D:1      | Reached skill level 3 in Long Blades
   107 | D:1      | Gained mutation: You have a small tail. [demonic ancestry]
   107 | D:1      | Reached XP level 2. HP: 2/22 MP: 2/2
   887 | D:1      | Reached XP level 3. HP: 28/28 MP: 3/3
  1014 | D:1      | Found Haorhuyl's General Store.
  1996 | D:2      | Gained mutation: You may rarely emit foul miasma when
                  | damaged in melee. [demonic ancestry]
  1996 | D:2      | Reached XP level 4. HP: 34/34 MP: 4/4
  2288 | D:2      | Found a faded altar of an unknown god.
  2438 | D:3      | Reached skill level 4 in Long Blades
  2780 | D:3      | Found a burning altar of Makhleb.
  2782 | D:3      | Found a shadowy altar of Dithmenos.
  2785 | D:3      | Found a hazy altar of Hepliaklqana.
  2788 | D:3      | Found a sparkling altar of Nemelex Xobeh.
  2790 | D:3      | Found a hide-covered altar of Uskayaw.
  2799 | D:3      | Found a bloodstained altar of Trog.
  2807 | D:3      | Found an iron altar of Okawaru.
  2809 | D:3      | Found an opulent altar of Gozag.
  2811 | D:3      | Found a broken altar of Ashenzari.
  2833 | D:3      | Became a worshipper of Makhleb the Destroyer
  2981 | D:3      | Mangled by a wight

Illustrated notes

Levels and vault maps discovered:
D:1:      kb_arrival_jail, layout_basic, serial_shops, shop, st_stairs_2,
          hex_intersection, dreamdust_princess_bridge, minmay_box_of_dots
D:2:      cheibrodos_greedy_goblins, layout_basic,
          dreamdust_ecumenical_altar_grove
D:3:      layout_basic, nicolae_overflow_hallway_of_the_gods, uniq_ijyb

Skill      XL: |  1  2  3  4 |
---------------+-------------+-----
Long Blades    | 3 4 |  4.0
Dodging        | 3 |  3.4
Fighting       | 3 |  3.0
Throwing       | |  1.7

Action                   |  1- 3 |  4- 6 || total
-------------------------+-------+-------++-------
Melee: Long sword        |   139 |    60 ||   199
       Punch             |     1 |       ||     1
       Tailslap          |    15 |     8 ||    23
Throw: Throwing net      |       |     1 ||     1
 Stab: Sleeping          |     3 |       ||     3
Armor: Leather armour    |    55 |    16 ||    71
Dodge: Dodged            |   106 |    39 ||   145
Block: Buckler           |     7 |    10 ||    17
